AoeStats
← miguelon01

Arena

510332203Analyzed
4v4 RM · 1d ago on Sep 30, 2026· 38m 5s· 8 players
Game mode
Random Map
Map size
Large (8 player)
Population
200
Speed
Normal
Resources
Standard
Victory
Conquest
Starting age
Dark Age
Ending age
Imperial Age
RankedLock teamsTeams togetherTeam positionsShared explorationLock speedFull tech treeHidden civsTurbo modeCheats
Victory
Defeat
🇧🇷 Persians · Brazil
1093
+16
🇲🇽 Spanish · Mexico
1074
+17
🇫🇮 Turks · Finland
1052
+18
🇧🇷 Japanese · Brazil
1046
+18
🇧🇷 Vikings · Brazil
1127
-18
🇮🇹 Jurchens · Italy
1122
-18
🇹🇷 Danes · Türkiye
1085
-17
🇬🇧 Mongols · United Kingdom
1058
-16
VL Neyten
7:33 Loom
8:01 Loom
10:26 Feudal Age
11:03 Double-Bit Axe
11:01 Horse Collar
18:52 Castle Age
16:57 Stone Mining
18:01 Gold Mining
18:49 Wheelbarrow
18:00 Town Watch
19:39 Fletching
19:50 Padded Archer Armor
20:20 Bow Saw
20:17 Heavy Plow
25:17 Fervor
25:29 Hand Cart
26:21 Bloodlines
27:05 Sanctity
29:12 Leather Archer Armor
32:29 Herbal Medicine
32:06 Pikeman
33:03 Scale Mail Armor
34:27 Chain Mail Armor
37:09 Squires
37:03 Gambesons
39:57 Imperial Age
38:24 Bodkin Arrow
Six
0:27 Loom
10:00 Feudal Age
10:30 Double-Bit Axe
16:17 Castle Age
24:48 Horse Collar
29:21 Gold Mining
29:21 Stone Mining
30:31 Heavy Plow
30:25 Fletching
30:40 Yasama
30:56 Town Watch
32:18 Bow Saw
35:18 Imperial Age
34:16 Forging
34:06 Scale Mail Armor
34:01 Bodkin Arrow
35:25 Wheelbarrow
34:56 Treadmill Crane
35:09 Guard Tower
35:46 Ballistics
35:25 Murder Holes
35:47 Masonry
35:30 Elite Samurai
36:08 Gambesons
36:23 Squires
36:09 Arson
36:21 Arrowslits
37:16 Iron Casting
36:57 Chain Mail Armor
37:37 Gold Shaft Mining
39:10 Two-Man Saw
38:13 Bracer
38:29 Chain Mail Armor
38:53 Keep
Galluzzi
0:28 Loom
12:03 Feudal Age
12:25 Double-Bit Axe
13:26 Horse Collar
20:09 Castle Age
20:59 Bow Saw
21:34 Wheelbarrow
21:03 Heavy Plow
21:02 Gold Mining
21:03 Stone Mining
22:39 Hand Cart
26:44 Gold Mining
26:46 Stone Mining
28:16 Town Watch
30:00 Gold Shaft Mining
30:01 Stone Shaft Mining
30:40 Forging
30:41 Scale Barding Armor
33:28 Imperial Age
32:44 Chain Barding Armor
33:00 Iron Casting
34:54 Blast Furnace
34:29 Plate Barding Armor
34:10 Bloodlines
33:23 Cavalier
34:39 Conscription
35:31 Two-Man Saw
35:03 Crop Rotation
34:41 Husbandry
34:52 Bloodlines
34:43 Savar
Lakupiippu
10:46 Feudal Age
14:21 Castle Age
12:35 Double-Bit Axe
12:55 Horse Collar
13:51 Loom
25:25 Wheelbarrow
27:13 Padded Archer Armor
30:44 Imperial Age
29:08 Heavy Plow
30:39 Bow Saw
30:53 Leather Archer Armor
30:44 Scale Barding Armor
31:39 Bloodlines
32:09 Conscription
38:48 Chain Barding Armor
Tikka Masala
10:50 Feudal Age
12:03 Double-Bit Axe
14:45 Castle Age
14:29 Horse Collar
16:55 Bow Saw
Crimson_Tide
10:39 Feudal Age
11:33 Double-Bit Axe
13:52 Wheelbarrow
16:54 Castle Age
15:32 Loom
18:29 Hand Cart
21:26 Stone Mining
24:02 Town Watch
26:24 Gold Mining
26:58 Bow Saw
26:42 Horse Collar
30:36 Imperial Age
Edison
3:49 Loom
10:24 Feudal Age
11:07 Double-Bit Axe
14:17 Castle Age
12:30 Horse Collar
15:36 Bow Saw
16:02 Heavy Plow
21:37 Wheelbarrow
24:04 Husbandry
25:01 Fletching
25:41 Bodkin Arrow
25:33 Loom
25:34 Town Watch
26:10 Padded Archer Armor
27:35 Leather Archer Armor
28:00 Thumb Ring
28:07 Bloodlines
33:13 Imperial Age
30:59 Hand Cart
31:13 Town Patrol
31:40 Scale Barding Armor
31:59 Ballistics
32:51 Chain Barding Armor
31:53 Light Cavalry
32:40 Gold Mining
32:41 Stone Mining
33:15 Masonry
33:16 Fortified Wall
33:18 Forging
33:56 Gold Shaft Mining
33:44 Nomads
34:19 Bracer
34:46 Parthian Tactics
35:22 Chemistry
34:49 Siege Engineers
34:17 Hussar
35:05 Herbal Medicine
36:43 Iron Casting
35:33 Elite Mangudai
36:34 Conscription
37:28 Murder Holes
38:54 Blast Furnace
miguelon01
11:08 Feudal Age
12:04 Double-Bit Axe
18:32 Castle Age
16:19 Horse Collar
17:07 Gold Mining
17:42 Stone Mining
18:53 Forging
19:33 Pikeman
20:57 Pikeman
Connection lost

Rejoining the realm…

Still unreachable

The connection could not be restored.

Session expired

The server has moved on; the page needs a fresh start.